 Dungeon Crawl Stone Soup version 0.31-a0-259-g771a54c (webtiles) character file.

Game seed: 14119915897461589216

144 Dawnplanks the Changeling (level 5, -8/43 HPs)
             Began as an Armataur Shapeshifter on July 13, 2023.
             Mangled by a mummy (12 damage)
             ... in an ossuary.
             The game lasted 00:04:43 (2349 turns).

Dawnplanks the Changeling (Armataur Shapeshifter)   Turns: 2349, Time: 00:04:43

Health: -8/43      AC:  7    Str: 23    XL:     5   Next: 5%
Magic:  5/5        EV:  5    Int:  8    God:
Gold:   207        SH:  6    Dex: 10    Spells: 4/4 levels left

rFire   . .          .
                       - Unarmed
rCold   . . .        r - +0 kite shield
rNeg    . . .        p - +0 chain mail
rPois   .            (helmet currently unavailable)
rElec   .            (cloak currently unavailable)
rCorr   .            (gloves currently unavailable)
SInv    .            (no barding)
Will    .....        (no amulet) Stlth
                     (no ring)
HPRegen 0.27/turn    (no ring)
MPRegen 0.09/turn

%: roll
@: beast-form, studying Armour
A: beast (slay +2), large, rugged brown scales 3, deformed body, armoured tail,
roll, long tongue, awkward tongue
a: Begin Untransformation


You were in an ossuary.
You were a hulking beast.
You visited 1 branch of the dungeon, and saw 4 of its levels.
You also visited: Ossuary.

You collected 207 gold pieces.

Inventory:

Armour
 a - a +0 animal skin
 d - a +2 pair of gloves
 f - a +0 helmet
 p - a +0 chain mail (worn)
 r - a +0 kite shield (worn)
Jewellery
 m - a +5 ring of evasion
Talismans
 c - a beast talisman
 k - a maw talisman
Scrolls
 i - a scroll of vulnerability {unknown}
 l - 4 scrolls of revelation {unknown}
 n - a scroll of amnesia {unknown}
 q - 2 scrolls of fear {unknown}
 s - a scroll of acquirement {unknown}
 t - 3 scrolls of fog {unknown}
 x - 2 scrolls of summoning {unknown}
Potions
 b - a potion of lignification
 e - 3 potions of brilliance {unknown}
 g - 4 potions of haste {unknown}
 h - a potion of enlightenment {unknown}
 j - 2 potions of might {unknown}
 o - 2 potions of attraction {unknown}
 u - 2 potions of degeneration {unknown}
 v - a potion of invisibility {unknown}
 w - a potion of curing {unknown}
 z - a potion of resistance {unknown}


   Skills:
 + Level 2.0 Fighting
 + Level 0.5 Armour
 + Level 1.8 Dodging
 + Level 0.4 Stealth
 + Level 0.1 Shields
 + Level 3.1 Unarmed Combat
 * Level 3.6 Shapeshifting


You had 4 spell levels left.
You didn't know any spells.
Your spell library was empty.

Dungeon Overview and Level Annotations

Branches:
Dungeon (4/15)            Ossuary (1/1)
 Temple: D:4-7

Altars:

Shops:
D:3 (


Innate Abilities, Weirdness & Mutations

You are a hulking beast.
Your limbs bulge with bestial killing power. (Slay +2)
You are completely covered in rugged brown scales. (AC +3, +7% HP)
Armour fits poorly on your strangely shaped body.
You have a long armoured tail.
You roll when moving toward enemies. (Rampage)
Your long tongue fully drains potion bottles. (2x potion effects)
Your tongue gives you trouble enunciating. (1.5x scroll delay)


Message History

The kobold zombie hits you.
* * * LOW HITPOINT WARNING * * *
You block the hobgoblin zombie's attack.
The kobold zombie hits you but does no damage.
The hobgoblin zombie hits you but does no damage.
You barely miss the mummy.
The mummy is severely damaged.
The kobold zombie hits you but does no damage.
The mummy closely misses you.
The hobgoblin zombie hits you but does no damage.
You closely miss the mummy.
The mummy is severely damaged.
You block the kobold zombie's attack. The hobgoblin zombie hits you.
* * * LOW HITPOINT WARNING * * *
You closely miss the mummy.
The mummy is severely damaged.
The kobold zombie barely misses you.
The hobgoblin zombie hits you but does no damage.
The kobold zombie hits you but does no damage.
The hobgoblin zombie hits you but does no damage.
You block the mummy's attack.
You hit the mummy.
The mummy is severely damaged.
The kobold zombie hits you but does no damage.
The hobgoblin zombie hits you.
* * * LOW HITPOINT WARNING * * *
You block the kobold zombie's attack.
You block the hobgoblin zombie's attack.
The mummy hits you.
* * * LOW HITPOINT WARNING * * *
You barely miss the mummy.
Your tail-slap misses the mummy.
The mummy is severely damaged.
The kobold zombie hits you but does no damage.
The hobgoblin zombie barely misses you. The kobold zombie barely misses you.
The hobgoblin zombie hits you but does no damage.
You completely miss the mummy.
The mummy is severely damaged.
The kobold zombie hits you but does no damage.
The mummy hits you!
You die...

...........
.........
........
......
#....#
#....#
#ZMZ.#
#.hZ.#
#..Z.#
#....#
#....#
#....#
#.∩∩.#
######


You could see a mummy, 2 hobgoblin zombies and 2 kobold zombies.

Vanquished Creatures
  A mummy (Ossuary)
  4 adders
  A worm (D:2)
  3 dart slugs
  An orc (D:3)
  3 ball pythons
  12 bats
  8 endoplasms
  A giant cockroach (D:2)
  5 goblins
  11 hobgoblins
  5 jackals
  5 quokkas
  4 frilled lizards
  A hobgoblin zombie (Ossuary)
  6 kobolds
  A kobold zombie (Ossuary)
  An orc zombie (Ossuary)
  8 rats
81 creatures vanquished.

Notes
Turn   | Place    | Note
-------+----------+-------------------------------------------
     0 | D:1      | Dawnplanks the Armataur Shapeshifter began the quest for
                  | the Orb.
     0 | D:1      | Reached XP level 1. HP: 18/18 MP: 1/1
   169 | D:1      | Reached XP level 2. HP: 25/25 MP: 2/2
   596 | D:1      | Reached XP level 3. HP: 31/31 MP: 3/3
  1124 | D:2      | Reached XP level 4. HP: 21/38 MP: 4/4
  1371 | D:2      | Found a faded altar of an unknown god.
  2092 | D:3      | Found Qainitaut's Antique Weapon Boutique.
  2306 | D:4      | Found a sand-covered staircase.
  2323 | Ossuary  | Entered an ossuary
  2341 | Ossuary  | Reached XP level 5. HP: 19/43 MP: 5/5
  2349 | Ossuary  | Mangled by a mummy

Illustrated notes

Levels and vault maps discovered:
D:1:      scummos_arrival_star, layout_loops_ring, hex_medium
D:2:      layout_loops_ring, shapermc_ecumenical_altar_hornbeckon,
          minmay_tromino_i4
D:3:      layout_basic, serial_shops, nicolae_shop_stone,
          hangedman_abyss_or_decor_lesser_grid, minmay_joined_circles
D:4:      layout_rooms, minmay_temple_entry_grid, nicolae_ossuary_entry_monument
Ossuary:  ossuary_tomb_3

Skill      XL: |  1  2  3  4 |
---------------+-------------+-----
Shapeshifting  | 3 |  3.6
Unarmed Combat | 2 3 |  3.1
Fighting       | 2 |  2.0
Armour         | |  0.5
Dodging        | |  1.8
Stealth        | |  0.4
Shields        | |  0.1

Action                     |  1- 3 |  4- 6 || total
---------------------------+-------+-------++-------
  Melee: Unarmed           |   109 |   108 ||   217
         Tailslap          |    13 |    12 ||    25
         Punch             |       |     2 ||     2
   Stab: Sleeping          |     2 |       ||     2
 Armour: Animal skin       |    46 |       ||    46
         Chain mail        |       |    68 ||    68
  Dodge: Dodged            |    57 |    27 ||    84
  Block: Kite shield       |       |    35 ||    35

Table legend: (Time is in decaauts)
 A = Elapsed time spent in this place.
 B = Non-inter-level travel time spent in this place.
 C = Inter-level travel time spent in this place.
 D = Time resting spent in this place.
 E = Time spent auto-exploring this place.
 F = Levels seen in this place.
 G = Mean time per level.
                   A        B        C        D        E       F      G
               +--------+--------+--------+--------+--------+-----+--------+
         Total |   2352 |   2278 |     74 |      0 |   1846 |   5 |  470.4 |
       Dungeon |   2325 |   2251 |     74 |      0 |   1845 |   4 |  581.2 |
       Ossuary |     27 |     27 |      0 |      0 |      1 |   1 |   27.0 |
               +--------+--------+--------+--------+--------+-----+--------+

Top non-repeatable levels by time:
     D:2: 893 daAuts
     D:1: 815 daAuts
     D:3: 536 daAuts
     D:4: 79 daAuts
 Ossuary: 27 daAuts
